 Dungeon Crawl Stone Soup version 0.24.0-13-gcf9b319 (webtiles) character file.

Game seed: 14642345617760576544, levelgen mode: deterministic

744 Fortress the Conjurer (level 7, -5/50 HPs)
             Began as a Purple Draconian Conjurer on Jan 16, 2020.
             Slain by an orc warrior
             ... wielding a +0 hand axe
              (19 damage)
             ... on level 5 of the Dungeon.
             The game lasted 00:18:51 (4754 turns).

Fortress the Conjurer (Purple Draconian Conjurer)   Turns: 4754, Time: 00:18:52

Health: -5/50      AC:  6    Str: 10    XL:     7   Next: 47%
Magic:  0/16       EV: 12    Int: 18    God:
Gold:   101        SH:  0    Dex: 11    Spells: 15/18 levels left

rFire    . . .     SeeInvis .   j - +2 dagger (freeze)
rCold    + . .     Gourm    .   (no shield)
rNeg     . . .     Faith    .   (armour unavailable)
rPois    +         Spirit   .   (helmet restricted)
rElec    .         Reflect  .   (no cloak)
rCorr    .         Harm     +   (no gloves)
MR       +....                  (no boots)
Stlth    ++........             a - amulet of harm
HPRegen  0.16/turn              g - ring of poison resistance
MPRegen  0.15/turn              q - ring of protection from cold

@: no status effects
A: breathe power, unfitting armour, cold-blooded, AC +6
a: Breathe Dispelling Energy


You were on level 5 of the Dungeon.
You were hungry.

You visited 1 branch of the dungeon, and saw 5 of its levels.

You collected 101 gold pieces.

Inventory:

Hand Weapons
 e - a +1 mace of holy wrath
 j - a +2 dagger of freezing (weapon)
 s - a +2 dagger of speed
 t - a +2 morningstar of protection
Missiles
 d - 6 boomerangs of dispersal (quivered)
Jewellery
 a - an amulet of harm (around neck)
 g - a ring of poison resistance (left hand)
 h - a +4 ring of dexterity {unknown}
 q - a ring of protection from cold (right hand)
Scrolls
 c - a scroll of remove curse {unknown}
 f - a scroll of teleportation {unknown}
 i - 2 scrolls of enchant armour {unknown}
 k - 2 scrolls of immolation {unknown}
 l - a scroll of fear
 m - a scroll of random uselessness {unknown}
 o - 2 scrolls of enchant weapon
 v - a scroll of identify
Potions
 n - a potion of brilliance
 p - a potion of invisibility
 r - a potion of flight {unknown}
 u - 2 potions of agility {unknown}
Comestibles
 b - 8 rations


   Skills:
 - Level 0.1 Fighting
 - Level 2.7 Dodging
 - Level 2.0 Stealth
 - Level 0.2 Unarmed Combat
 + Level 6.3 Spellcasting
 + Level 7.0 Conjurations


You had 15 spell levels left.
You knew the following spells:

 Your Spells              Type           Power        Failure   Level  Hunger
a - Magic Dart            Conj           ####         1%          1    None
b - Searing Ray           Conj           ####..       1%          2    None

Your spell library contained the following spells:

 Spells                   Type           Power        Failure   Level  Hunger
 Iskenderun's Mystic Bla  Conj           ####....     6%          4    ####...
 Dazzling Spray           Conj/Hex       ###...       9%          3    ##.....
 Force Lance              Conj/Tloc      ###.....     26%         4    ####...
 Fulminant Prism          Conj/Hex       ###.......   26%         4    ####...


Dungeon Overview and Level Annotations

Branches:
Dungeon (5/15)
 Temple: D:4-7

Altars:
Dithmenos
Elyvilon
Okawaru
Ru


Innate Abilities, Weirdness & Mutations

You can breathe bolts of dispelling energy.
Your rich purple scales are hard. (AC +6)
You cannot fit into any form of body armour.
You are cold-blooded and may be slowed by cold attacks.


Message History

The orc warrior hits you with a +0 hand axe!
You barely miss the orc warrior.
The orc warrior is severely wounded.
The orc warrior hits you with a +0 hand axe!
* * * LOW HITPOINT WARNING * * *
You hit the orc warrior. You freeze the orc warrior.
Your tail-slap misses the orc warrior.
The orc warrior is severely wounded.
Casting: Searing Ray (safe; 1% risk of failure)
Confirm with . or Enter, or press ? or * to list all spells.
Aiming: Magic Dart (safe; 1% risk of failure)
Press: ? - help, Shift-Dir - straight line, f/p - orc warrior
Aim: an orc warrior, wielding a +0 hand axe and wearing a +0 plate armour (severely wounded)
The magic dart hits the orc warrior but does no damage.
The orc warrior is severely wounded.
The orc warrior closely misses you.
You hit the orc warrior but do no damage.
The orc warrior is severely wounded.
The orc warrior hits you with a +0 hand axe!
You die...

#.######.# ###
#.# #.# #.#
##.## #.# #...
#.# #>)# #.#
#..# #.# #..#
#.#####..#####
#...@oo..))).#
#######..###.#
#..# #..# ....
#####


You could see an orc warrior and an orc.

Vanquished Creatures
  An ogre (D:3)
  Blork the orc (D:5)
  2 scorpions
  A crimson imp (D:5)
  An orc priest (D:4)
  A bullfrog skeleton (D:4)
  5 orc wizards
  2 iguanas (D:4)
  3 worker ants
  3 gnolls (D:3)
  2 adders (D:2)
  An ooze (D:2)
  2 worms (D:2)
  2 leopard geckos (D:4)
  16 orcs
  A ball python (D:2)
  8 bats
  4 giant cockroaches
  12 goblins
  2 hobgoblins (D:1)
  7 jackals
  6 kobolds
  A quokka (D:2)
  4 frilled lizards
  A jackal skeleton (D:5)
  2 quokka skeletons (D:4)
  7 rats
98 creatures vanquished.

Notes
Turn   | Place    | Note
-------+----------+-------------------------------------------
     0 | D:1      | Fortress the Draconian Conjurer began the quest for the
                  | Orb.
     0 | D:1      | Reached XP level 1. HP: 14/14 MP: 3/3
   194 | D:1      | Reached XP level 2. HP: 20/20 MP: 1/5
  1201 | D:2      | Reached XP level 3. HP: 26/26 MP: 1/6
  1264 | D:2      | Found a white marble altar of Elyvilon.
  1401 | D:2      | Found a shadowy altar of Dithmenos.
  1543 | D:2      | Found a faded altar of an unknown god.
  1820 | D:2      | Reached skill level 5 in Conjurations
  2099 | D:3      | Reached XP level 4. HP: 20/33 MP: 0/8
  2194 | D:3      | You fall into a shaft and drop 1 floor!
  2349 | D:4      | HP: 1/33 [scorpion (9)]
  2353 | D:4      | Reached XP level 5. HP: 9/38 MP: 0/9
  2701 | D:4      | Learned a level 2 spell: Searing Ray
  3127 | D:4      | Reached XP level 6. HP: 32/45 MP: 6/11
  3454 | D:4      | Reached skill level 6 in Conjurations
  3659 | D:4      | Found an iron altar of Okawaru.
  3922 | D:4      | Found a sacrificial altar of Ru.
  4277 | D:3      | Your scales start taking on a rich purple colour.
  4277 | D:3      | Reached skill level 5 in Spellcasting
  4277 | D:3      | Reached XP level 7. HP: 32/50 MP: 1/15
  4561 | D:5      | Entered Level 5 of the Dungeon
  4733 | D:5      | Noticed Blork the orc
  4746 | D:5      | Killed Blork the orc
  4746 | D:5      | Reached skill level 7 in Conjurations
  4754 | D:5      | Slain by an orc warrior

Levels and vault maps discovered:
D:1:      denvon_arrival_planthouse, layout_basic
D:2:      layout_loops_ring, elyvilon_altar_1,
          nicolae_dithmenos_through_a_glass_darkly,
          chequers_ecumenical_altar_simple, first_ration, serial_park_tiny_2,
          kennysheep_nub
D:3:      layout_rooms, minmay_ogre_servants
D:4:      minmay_chambers_of_threes, layout_loops_ring,
          nicolae_overflow_crystal_walls, nicolae_ru_path_of_blood
D:5:      layout_loops_ring, uniq_blork_the_orc, uniq_ijyb

Skill      XL: |  1  2  3  4  5  6  7 |
---------------+----------------------+-----
Dodging        | 2 |  2.7
Conjurations   | 5 6 7 |  7.0
Stealth        | 2 |  2.0
Spellcasting   | 3 5 6 |  6.3
Fighting       | |  0.1
Unarmed Combat | |  0.2

Action                   |  1- 3 |  4- 6 |  7- 9 || total
-------------------------+-------+-------+-------++-------
Melee: Unarmed           |    34 |       |       ||    34
       Tailslap          |     3 |     9 |     2 ||    14
       Short sword       |     9 |    37 |       ||    46
       Dagger            |       |    28 |    11 ||    39
Throw: Boomerang         |       |     1 |       ||     1
 Cast: Magic Dart        |    77 |   103 |    13 ||   193
       Searing Ray       |       |     5 |     5 ||    10
  Use: Potion            |       |     2 |       ||     2
       Scroll            |       |     6 |       ||     6
  Eat: Chunk             |     3 |     5 |     1 ||     9
       Ration            |       |     1 |       ||     1
Armor: Skin              |    13 |    18 |     5 ||    36
Dodge: Dodged            |    25 |    52 |    10 ||    87
